 Dungeon Crawl Stone Soup version 0.31-a0-1338-gb567cfdca4 (webtiles) character file.

Game seed: 16680416329511276197

2886 Lobster4 the Firebug (level 9, -2/63 HPs)
             Began as a Human Fire Elementalist on Dec 23, 2023.
             Was a Believer of Nemelex Xobeh.
             Slain by a vampire (10 damage)
             ... on level 7 of the Dungeon.
             The game lasted 00:21:06 (9696 turns).

Lobster4 the Firebug (Human Fire Elementalist)      Turns: 9696, Time: 00:21:07

Health: -2/63      AC:  8    Str: 10    XL:     9   Next: 77%
Magic:  17/25      EV: 12    Int: 19    God:    Nemelex Xobeh [**....]
Gold:   314        SH:  0    Dex: 13    Spells: 7/17 levels left

rFire   . . .        o - +2 whip (elec)
rCold   . . .        (no shield)
rNeg    . . .        B - +2 leather armour {rPois}
rPois   +            u - +1 helmet
rElec   .            (no cloak)
rCorr   .            (no gloves)
SInv    .            q - +0 pair of boots
Will    .....        j - amulet of magic regeneration
Stlth   ++           D - ring of magical power
HPRegen 0.30/turn    (no ring)
MPRegen 0.59/turn

%: no passive effects
@: no status effects
A: explore regen
a: Renounce Religion, Draw Escape, Draw Destruction, Draw Summoning


You were on level 7 of the Dungeon.
You worshipped Nemelex Xobeh.
Nemelex Xobeh was pleased with you.
You visited 2 branches of the dungeon, and saw 8 of its levels.
You also visited: Sewer.

You collected 314 gold pieces.

Inventory:

Hand Weapons
 c - a +0 spear
 o - a +2 whip of electrocution (weapon)
 E - a +2 whip of freezing
Missiles
 d - a curare-tipped dart
 g - 18 poisoned darts
 k - 6 darts of dispersal
 v - 4 boomerangs
Armour
 n - a +0 buckler
 q - a +0 pair of boots (worn)
 u - a +1 helmet (worn)
 B - a +2 leather armour of poison resistance (worn)
Jewellery
 j - an amulet of magic regeneration (around neck)
 y - an amulet of reflection
 D - a ring of magical power (left hand)
Wands
 i - a wand of mindburst (14)
Scrolls
 a - a scroll of fear
 e - 2 scrolls of amnesia
 h - 2 scrolls of enchant weapon
 r - 5 scrolls of teleportation
 A - a scroll of fog
Potions
 b - 3 potions of magic
 f - a potion of might {unknown}
 l - a potion of enlightenment
 p - 2 potions of attraction {unknown}
 s - 3 potions of heal wounds {unknown}
 t - 3 potions of haste
 w - 2 potions of mutation {unknown}
 x - 4 potions of invisibility {unknown}
 z - a potion of brilliance


   Skills:
 - Level 3.0 Fighting
 - Level 1.0 Maces & Flails
 - Level 3.0 Armour
 - Level 3.0 Dodging
 - Level 2.0 Stealth
 + Level 4.4 Shields
 + Level 4.7 Spellcasting
 + Level 4.5 Conjurations
 + Level 2.4 Hexes
 * Level 7.5 Fire Magic
 + Level 4.8 Invocations
 + Level 1.2 Evocations


You had 7 spell levels left.
You knew the following spells:

 Your Spells              Type           Power      Damage    Failure   Level
a - Foxfire               Conj/Fire      100%       2x1d9     1%          1
b - Scorch                Fire           66%        2d7       1%          2
c - Inner Flame           Hex/Fire       23%        N/A       7%          3
d - Flame Wave            Conj/Fire      27%        2d9       14%         4

Your spell library contained the following spells:

 Spells                   Type           Power      Damage    Failure   Level
 Volatile Blastmotes      Fire/Tloc      36%        2d13      11%         3


Dungeon Overview and Level Annotations

Branches:
Dungeon (7/15)             Temple (1/1) D:5           Sewer (visited)

Altars:
Ashenzari
Cheibriados
Dithmenos
Elyvilon
Fedhas
Gozag
Hepliaklqana
Kikubaaqudgha
Makhleb
Nemelex Xobeh
Okawaru
Qazlal
Ru
Sif Muna
Trog
Uskayaw
Vehumet
Wu Jian
Xom
Zin
The Shining One

Annotations:
D:1 1 exclusion


Innate Abilities, Weirdness & Mutations

You regain HP and MP as you explore.


Message History

Something draws strength from your injuries!
Unknown command.
Casting: Foxfire (safe; 1% risk of failure)
Confirm with . or Enter, or press ? or * to list all spells.
You conjure some foxfire!
The foxfire hits something!
The foxfire hits something but does no damage.
Something hits you.
* * * LOW HITPOINT WARNING * * *
Something bites you!
* * * LOW HITPOINT WARNING * * *
Something draws strength from your injuries!
Unknown command.
You feel better.
The foxfire hits something.
The foxfire hits something but does no damage.
Something hits you.
* * * LOW HITPOINT WARNING * * *
Something bites you.
* * * LOW HITPOINT WARNING * * *
Something draws strength from your injuries!
You feel better. Something hits you but does no damage. Something bites you.
* * * LOW HITPOINT WARNING * * *
Something draws strength from your injuries!
Casting: Foxfire (safe; 1% risk of failure)
Confirm with . or Enter, or press ? or * to list all spells.
You can't see any susceptible monsters within range! (Use Z to cast anyway.)
Okay, then.
Unknown command.
You feel better. Something hits you!
* * * LOW HITPOINT WARNING * * *
Something bites you but does no damage.
Casting: Foxfire (safe; 1% risk of failure)
Confirm with . or Enter, or press ? or * to list all spells.
You conjure some foxfire!
Something barely misses you. Something bites you but does no damage.
Unknown command.
You hit something but do no damage.
The foxfire hits something.
The foxfire hits something but does no damage.
Something hits you!
You die...
Your body disappears without a glow.

# #.#+#######
#......§..###.#
#.....@........
#......{..###.
.........).#
.#.#.#####)###.#.#
# #.#....†......#
# #.###.###.###
#.# #.#
########.###.###
...............#


There were no monsters in sight!

Vanquished Creatures
  Jeremiah (D:6)
  Duvessa (D:6)
  3 black bears
  An orc warrior (D:6)
  2 ice beasts (D:5)
  3 phantoms
  4 kobold brigands
  4 scorpions
  A water moccasin zombie (D:5)
  Dowan (D:6)
  A water moccasin skeleton (D:5)
  3 jellies
  A howler monkey (D:6)
  2 bullfrog zombies (D:5)
  3 hounds
  5 bullfrog skeletons (D:5)
  4 orc priests
  A centaur skeleton (D:5)
  An iguana (D:5)
  A sleepcap (D:4)
  6 orc wizards (D:6)
  A hound zombie (D:5)
  A howler monkey zombie (D:5)
  6 adders
  A gnoll (D:1)
  A howler monkey skeleton (D:5)
  A river rat (D:3)
  A white imp (D:6)
  3 bombardier beetles
  2 adder skeletons (D:5)
  A worm (D:4)
  3 dart slugs
  30 orcs
  13 bats
  6 endoplasms
  4 giant cockroaches
  5 goblins
  6 hobgoblins
  10 jackals
  25 kobolds
  4 quokkas
  8 ball pythons
  3 frilled lizards
  6 rats
190 creatures vanquished.

Vanquished Creatures (collateral kills)
  3 foxfires (Sewer)
3 creatures vanquished.

Vanquished Creatures (others)
  733 foxfires
733 creatures vanquished.

Grand Total: 926 creatures vanquished

Notes
Turn   | Place    | Note
-------+----------+-------------------------------------------
     0 | D:1      | Lobster4 the Human Fire Elementalist began the quest for
                  | the Orb.
     0 | D:1      | Reached XP level 1. HP: 13/13 MP: 3/3
   210 | D:1      | Reached XP level 2. HP: 20/20 MP: 0/5
   214 | D:1      | Learned a level 2 spell: Scorch
   392 | D:1      | Reached XP level 3. HP: 25/25 MP: 1/6
   678 | D:1      | Reached skill level 1 in Armour
  1788 | D:2      | Reached skill level 1 in Fighting
  1794 | D:2      | You fall into a shaft and drop 2 floors!
  1794 | D:4      | Found a sparkling altar of Nemelex Xobeh.
  1795 | D:4      | Found a broken altar of Ashenzari.
  1796 | D:4      | Found a snail-covered altar of Cheibriados.
  1835 | D:4      | Became a worshipper of Nemelex Xobeh the Trickster
  1855 | D:4      | Reached XP level 4. HP: 32/32 MP: 4/7
  1959 | D:3      | Found a glowing drain.
  2025 | Sewer    | Entered a sewer
  2067 | Sewer    | Noticed a kobold brigand
  2078 | Sewer    | Killed a kobold brigand
  2079 | Sewer    | Reached XP level 5. HP: 20/37 MP: 1/8
  2264 | Sewer    | Reached skill level 4 in Fire Magic
  2477 | Sewer    | Noticed a kobold brigand
  2487 | Sewer    | Killed a kobold brigand
  2488 | Sewer    | Reached skill level 1 in Shields
  2488 | Sewer    | Reached skill level 1 in Invocations
  2488 | Sewer    | Reached XP level 6. HP: 37/43 MP: 3/9
  3263 | D:3      | Reached * piety under Nemelex Xobeh
  3486 | D:3      | Found a glowing silver altar of Zin.
  3486 | D:3      | Received a gift from Nemelex Xobeh
  3488 | D:3      | Found an opulent altar of Gozag.
  3604 | D:3      | Found a faded altar of an unknown god.
  4063 | D:4      | Received a gift from Nemelex Xobeh
  4532 | D:3      | Reached XP level 7. HP: 10/50 MP: 4/11
  4909 | D:4      | Found a sacrificial altar of Ru.
  4975 | D:5      | Entered Level 5 of the Dungeon
  5175 | D:5      | Found a staircase to the Ecumenical Temple.
  5184 | Temple   | Entered the Ecumenical Temple
  5304 | D:5      | Reached skill level 5 in Fire Magic
  5418 | D:5      | Reached skill level 1 in Maces & Flails
  5671 | D:5      | Reached XP level 8. HP: 57/57 MP: 7/12
  5856 | D:5      | Reached ** piety under Nemelex Xobeh
  6590 | D:5      | Reached skill level 6 in Fire Magic
  7370 | D:5      | Learned a level 3 spell: Inner Flame
  7471 | D:6      | Reached XP level 9. HP: 63/63 MP: 10/15
  7896 | D:6      | Reached skill level 1 in Hexes
  8069 | D:6      | Noticed Duvessa
  8096 | D:6      | Killed Duvessa
  8118 | D:6      | Noticed Dowan
  8125 | D:6      | Killed Dowan
  8251 | D:6      | Reached skill level 7 in Fire Magic
  8358 | D:6      | Received a gift from Nemelex Xobeh
  8752 | D:6      | Learned a level 4 spell: Flame Wave
  9307 | D:6      | Noticed Jeremiah
  9405 | D:6      | Killed Jeremiah
  9406 | D:6      | Reached skill level 1 in Evocations
  9691 | D:7      | HP: 2/63 [something (7)]
  9696 | D:7      | Slain by a vampire

Illustrated notes

Levels and vault maps discovered:
D:1:      scummos_arrival_forest, layout_loops_ring, due_unseen_surprise
D:2:      layout_basic
D:3:      layout_basic, grunt_temple_overflow_gold_and_silver,
          chequers_ecumenical_altar_island, portal_sewer_entry_a
D:4:      layout_cave_pools, old_standard_altar,
          chequers_temple_overflow_statue_of_worship
D:5:      layout_gridville, minmay_temple_entry_statues_fountains,
          serial_undead, serial_undead_a, serial_undead_b, serial_undead_a,
          serial_undead_d, serial_undead_f, serial_undead_b, serial_undead_a,
          serial_undead_c
D:6:      layout_basic, uniq_jeremiah, uniq_duvessa
D:7:      layout_basic, serial_glass, glass_columns_a, glass_columns_a,
          serial_shops, nicolae_diamond_shop, uniq_maurice
Temple:   bh_familiar_temple

Skill      XL: |  1  2  3  4  5  6  7  8  9 |
---------------+----------------------------+-----
Armour         | 1 2 3 |  3.0
Fighting       | 1 2 3 |  3.0
Fire Magic     | 4 5 6 7 |  7.5
Shields        | 1 2 3 4 |  4.4
Invocations    | 1 2 3 4 |  4.8
Conjurations   | 2 3 4 |  4.5
Dodging        | 3 |  3.0
Spellcasting   | 3 4 |  4.7
Maces & Flails | 1 |  1.0
Hexes          | 2 |  2.4
Evocations     | 1 |  1.2
Stealth        | |  2.0

Action                     |  1- 3 |  4- 6 |  7- 9 || total
---------------------------+-------+-------+-------++-------
  Melee: Spear             |    10 |       |       ||    10
         Whip              |     3 |    33 |     1 ||    37
         Punch             |       |     1 |       ||     1
  Throw: Boomerang         |       |     1 |       ||     1
         Dart              |       |       |     2 ||     2
   Cast: Foxfire           |    75 |   129 |   228 ||   432
         Scorch            |       |    19 |    86 ||   105
         Inner Flame       |       |       |     3 ||     3
    Use: Scroll            |       |     6 |     8 ||    14
         Potion            |       |     1 |     4 ||     5
   Stab: Sleeping          |     1 |       |       ||     1
 Armour: Robe              |     6 |    29 |       ||    35
         Leather armour    |       |     1 |    43 ||    44
  Dodge: Dodged            |    14 |    33 |    28 ||    75

Table legend: (Time is in decaauts)
 A = Elapsed time spent in this place.
 B = Non-inter-level travel time spent in this place.
 C = Inter-level travel time spent in this place.
 D = Time resting spent in this place.
 E = Time spent auto-exploring this place.
 F = Levels seen in this place.
 G = Mean time per level.
                   A        B        C        D        E       F      G
               +--------+--------+--------+--------+--------+-----+--------+
         Total |   9748 |   9500 |    248 |   2477 |   5385 |   9 | 1083.1 |
       Dungeon |   9014 |   8766 |    248 |   2296 |   4983 |   7 | 1287.7 |
        Temple |     42 |     42 |      0 |     38 |      0 |   1 |   42.0 |
         Sewer |    691 |    691 |      0 |    143 |    401 |   1 |  691.0 |
               +--------+--------+--------+--------+--------+-----+--------+

Top non-repeatable levels by time:
     D:5: 2361 daAuts
     D:6: 2198 daAuts
     D:3: 1561 daAuts
     D:1: 1245 daAuts
     D:4: 1049 daAuts
   Sewer: 691 daAuts
     D:2: 548 daAuts
     D:7: 49 daAuts
  Temple: 42 daAuts
